 Dungeon Crawl Stone Soup version 0.31-a0-455-g1a7b003ef0 (webtiles) character file.

Game seed: 6404039020366698566

25 Ofeo the Trooper (level 2, 27/27 HPs)
             Began as a Demonspawn Wanderer on July 31, 2023.
             Quit the game on level 1 of the Dungeon on Aug 3, 2023.
             The game lasted 00:01:38 (1141 turns).

Ofeo the Trooper (Demonspawn Wanderer)              Turns: 1141, Time: 00:01:38

Health: 27/27      AC:  3    Str: 13    XL:     2   Next: 82%
Magic:  2/2        EV: 11    Int: 11    God:
Gold:   26         SH:  0    Dex: 13    Spells: 1/1 levels left

rFire   . . .        a - +3 short sword
rCold   . . .        (no shield)
rNeg    . . .        d - +0 leather armour
rPois   .            (no helmet)
rElec   .            (no cloak)
rCorr   .            (no gloves)
SInv    .            (no boots)
Will    .....        (no amulet)
Stlth   +            (no ring)
HPRegen 0.24/turn    (no ring)
MPRegen 0.08/turn

%: no passive effects
@: no status effects
A: demonic magic 1
a: no special abilities


You were on level 1 of the Dungeon.
You visited 1 branch of the dungeon, and saw 1 of its levels.

You collected 26 gold pieces.

Inventory:

Hand Weapons
 a - a +3 short sword (weapon)
 b - a +0 hand axe
Armour
 d - a +0 leather armour (worn)
Scrolls
 c - 3 scrolls of teleportation {@r3}
 e - 3 scrolls of identify {unknown}
 h - a scroll of noise {unknown}
Potions
 f - 2 potions of cancellation {unknown}
 g - a potion of degeneration {unknown}


   Skills:
 + Level 5.4 Fighting
 - Level 1.7 Short Blades
 - Level 1.7 Axes
 + Level 2.0 Dodging


You had one spell level left.
You didn't know any spells.
Your spell library was empty.

Dungeon Overview and Level Annotations

Branches:
Dungeon (1/15)

Altars:


Innate Abilities, Weirdness & Mutations

Spells you cast may paralyse adjacent enemies.


Message History

A frilled lizard comes into view.
A frilled lizard is nearby!
A frilled lizard is nearby!
Found a stone staircase leading down.
There is an open door here.
You closely miss the frilled lizard. The frilled lizard barely misses you.
You hit the frilled lizard.
You kill the frilled lizard!
No target in view!
No target in view!
No target in view!
No target in view!
No target in view!
As you open the door, it creaks loudly!
There is an open door here.
e - 3 scrolls labelled XEJE CAONO (gained 1)
You open the large door.
An endoplasm comes into view.
An endoplasm is nearby!
The endoplasm hits you.
You take 2 damage, and have 25/27 hp.
You hit the endoplasm.
The endoplasm is lightly wounded.
You hit the endoplasm.
The endoplasm is moderately wounded.
The endoplasm hits you but does no damage.
You puncture the endoplasm!
You kill the endoplasm!
Your Dodging skill increases to level 2!
No target in view!
No target in view!
No target in view!
There is an open door here.
There is a staircase leading out of the dungeon here.
Key pressed, stopping explore.
You see here a +0 whip.
Done exploring.
Health restored: 27 Done exploring.
Are you sure you want to abandon this character and quit the game? (Confirm with "yes".)

.# #...#.# .### #..##.#
...####..##.# ###
.........##.# #.#
............# #.#
....##.#.#######.#
.......#.# #.#.#
.....#.#.#####.#.#
....####.##.##.#@#
.##.####.##......#
.......#.##..#.#.#
.##...>#.......#.#
.##.##.#.##....#.#
.##.##.#.##....#.#
.##.##.#.........#
.......#####.#.#.#
.####[.#####.#.#.######


There were no monsters in sight!

Vanquished Creatures
  A ball python (D:1)
  5 endoplasms (D:1)
  2 giant cockroaches (D:1)
  2 goblins (D:1)
  2 hobgoblins (D:1)
  3 kobolds (D:1)
  2 quokkas (D:1)
  2 frilled lizards (D:1)
  A rat (D:1)
20 creatures vanquished.

Notes
Turn   | Place    | Note
-------+----------+-------------------------------------------
     0 | D:1      | Ofeo the Demonspawn Wanderer began the quest for the Orb.
     0 | D:1      | Ofeo set off with the following items: a +3 short sword, a
                  | +0 hand axe, a scroll of teleportation {@r3}, a +0 leather
                  | armour.
     0 | D:1      | Reached XP level 1. HP: 21/21 MP: 1/1
   226 | D:1      | Gained mutation: Spells you cast may paralyse adjacent
                  | enemies. [demonic ancestry]
   226 | D:1      | Reached XP level 2. HP: 16/27 MP: 2/2
   356 | D:1      | Upgraded the game from 0.31-a0-431-g88bdf31460 to
                  | 0.31-a0-455-g1a7b003ef0
  1141 | D:1      | Quit the game

Illustrated notes

Levels and vault maps discovered:
D:1:      matt_arrival_debris, layout_basic

Skill      XL: |  1  2 |
---------------+-------+-----
Dodging        | 2 |  2.0
Fighting       | |  5.4
Short Blades   | |  1.7
Axes           | |  1.7

Action                     || total
---------------------------++-------
  Melee: Short sword       ||    53
 Armour: Leather armour    ||     7
  Dodge: Dodged            ||    23

Table legend: (Time is in decaauts)
 A = Elapsed time spent in this place.
 B = Non-inter-level travel time spent in this place.
 C = Inter-level travel time spent in this place.
 D = Time resting spent in this place.
 E = Time spent auto-exploring this place.
 F = Levels seen in this place.
 G = Mean time per level.
                   A        B        C        D        E       F      G
               +--------+--------+--------+--------+--------+-----+--------+
         Total |   1136 |   1136 |      0 |     89 |    918 |   1 | 1136.0 |
       Dungeon |   1136 |   1136 |      0 |     89 |    918 |   1 | 1136.0 |
               +--------+--------+--------+--------+--------+-----+--------+

Top non-repeatable levels by time:
     D:1: 1136 daAuts
